 Dungeon Crawl Stone Soup version 0.28.0-53-g5a82cb258f (webtiles) character file.

Game seed: 1467996305420482393

275 Jerry the Skirmisher (level 6, -2/33 HPs)
             Began as a Vine Stalker Fighter on July 30, 2022.
             Killed by nerve-wracking pain
             ... invoked by Grinder
              (6 damage)
             ... on level 4 of the Dungeon.
             The game lasted 00:07:41 (2794 turns).

Jerry the Skirmisher (Vine Stalker Fighter)         Turns: 2794, Time: 00:07:41

Health: -2/33      AC:  7    Str: 19    XL:     6   Next: 25%
Magic:  0/7        EV:  9    Int:  8    God:
Gold:   98         SH:  5    Dex: 15    Spells: 5/5 levels left

rFire   . . .      SeeInvis .   a - +0 rapier
rCold   . . .      Faith    .   c - +0 buckler
rNeg    . . .      Spirit   +   d - +1 scale mail {rPois}
rPois   +          Reflect  .   (no helmet)
rElec   .          Harm     .   i - scarf {repulsion}
rCorr   .          Rampage  .   (no gloves)
Will    .....                   (no boots)
Stlth   ..........              (no amulet)
HPRegen 0.91/turn               (no ring)
MPRegen 0.10/turn               (no ring)

@: mighty, repel missiles
A: fangs 2, regeneration 1, magic shield, antimagic bite, no potion heal 2
a: no special abilities


You were on level 4 of the Dungeon.
You visited 1 branch of the dungeon, and saw 4 of its levels.

You collected 98 gold pieces.

Inventory:

Hand Weapons
 a - a +0 rapier (weapon)
Armour
 c - a +0 buckler (worn)
 d - a +1 scale mail of poison resistance (worn)
 i - a scarf of repulsion (worn)
Scrolls
 b - 2 scrolls of identify
 e - a scroll of immolation {unknown}
 n - a scroll of teleportation
 p - a scroll of noise {unknown}
Potions
 f - a potion of brilliance {unknown}
 g - a potion of mutation {unknown}
 h - a potion of cancellation {unknown}
 j - a potion of degeneration {unknown}
 l - a potion of curing {unknown}
 m - a potion of haste {unknown}
 o - a potion of resistance {unknown}


   Skills:
 + Level 3.8 Fighting
 + Level 3.2 Short Blades
 + Level 3.4 Armour
 + Level 3.8 Shields


You had 5 spell levels left.
You didn't know any spells.
Your spell library contained the following spells:

 Spells                   Type           Power      Damage    Failure   Level
 Conjure Flame            Conj/Fire      0%         6-21      99%         3
 Frozen Ramparts          Ice            0%         1d2       99%         3
 Ignite Poison            Fire/Tmut/Pois 0%         N/A       99%         3
 Ice Form                 Ice/Tmut       0%         N/A       100%        4
 Sticky Flame             Conj/Fire      0%         2d3       100%        4
 Summon Ice Beast         Ice/Summ       0%         N/A       100%        4


Dungeon Overview and Level Annotations

Branches:
Dungeon (4/15)
 Temple: D:4-7

Altars:
Dithmenos

Shops:
D:2 [

Annotations:
D:3 1 runed translucent door, Crazy Yiuf
D:4 Grinder


Innate Abilities, Weirdness & Mutations

You have extremely sharp teeth.
Your natural rate of healing is unusually fast.
When hurt, damage is shared between your health and your magic reserves.
Your bite disrupts and absorbs the magic of your enemies.
Potions cannot restore your health.


Message History

You struggle to resist.
You puncture Grinder! You bite Grinder!
Grinder's magic leaks into the air.
You drain her magic.
Grinder is heavily wounded.
Grinder gestures at you. Pain shoots through your body!
You are too injured to fight recklessly!
You are too injured to fight recklessly!
You are too injured to fight recklessly!
You barely miss Grinder. Your bite misses Grinder.
Grinder is heavily wounded.
Grinder hits you.
You writhe in agony.
You barely miss Grinder. Your bite misses Grinder.
Grinder is heavily wounded.
Grinder says, "I used to sell toenails on the black market."
Grinder hits you but does no damage.
Grinder drinks a potion.
Grinder is healed!
You puncture Grinder! Your bite misses Grinder.
Grinder is moderately wounded.
Grinder says, "Don't move a muscle."
Grinder hits you!
You writhe in agony.
You barely miss Grinder. You bite Grinder.
Grinder's magic leaks into the air.
You drain her magic.
You feel invigorated.
Grinder is heavily wounded.
Grinder hits you but does no damage.
You barely miss Grinder. You bite Grinder.
Grinder's magic leaks into the air.
You drain her magic.
Grinder is heavily wounded.
Grinder hits you.
You writhe in agony.
You puncture Grinder!
Grinder is almost dead.
Grinder hits you.
* * * LOW HITPOINT WARNING * * *
You writhe in agony.
* * * LOW HITPOINT WARNING * * *
You barely miss Grinder. Your bite misses Grinder.
Grinder is almost dead.
Grinder gestures at you. Pain shoots through your body!
You die...

...#####.##...#####....#.........
..........'.......'............>.
...#####..#...#.###..............
...# ##.#...#.# #......).......
...# #.#####.# #..............
...# #.## ##'###..............
...# #..# #.......##..........
...# ##.###...5...##..........
#..# ###..##..@....##.#########
#### #....##.......##.#
#.....#.......##.# #######
#[..[.#.......##.# #...[..
#####..#.#######.# #.#####
####.#.#######.# #.#....
######..............# #.#.###
+.......##..###########.#..#.
+.......##.>.######.....##.#.


You could see Grinder (magic disrupted).

Vanquished Creatures
  2 scorpions
  Jessica (D:3)
  Terence (D:2)
  A howler monkey skeleton (D:4)
  6 adders
  2 dart slugs (D:1)
  3 endoplasms
  4 hobgoblins
  3 jackals (D:4)
  2 quokkas (D:1)
  3 ball pythons
  5 bats
  5 frilled lizards
  4 goblins
  3 kobolds
  7 rats
52 creatures vanquished.

Notes
Turn   | Place    | Note
-------+----------+-------------------------------------------
     0 | D:1      | Jerry the Vine Stalker Fighter began the quest for the Orb.
     0 | D:1      | Reached XP level 1. HP: 11/11 MP: 2/2
   152 | D:1      | Reached XP level 2. HP: 16/16 MP: 3/3
   541 | D:1      | Found a faded altar of an unknown god.
  1074 | D:2      | Noticed Terence
  1083 | D:2      | Killed Terence
  1084 | D:2      | Reached XP level 3. HP: 15/20 MP: 4/4
  1322 | D:2      | Found a shadowy altar of Dithmenos.
  1418 | D:2      | Gained mutation: Your natural rate of healing is unusually
                  | fast. [Vine Stalker growth]
  1418 | D:2      | Reached XP level 4. HP: 18/24 MP: 3/5
  1507 | D:2      | Found Xuluorr's Antique Armour Emporium.
  1706 | D:3      | Noticed a scorpion
  1728 | D:3      | Killed a scorpion
  1729 | D:3      | Reached XP level 5. HP: 28/28 MP: 4/6
  1830 | D:3      | Noticed Jessica
  1835 | D:3      | Killed Jessica
  2114 | D:3      | Found a runed translucent door.
  2115 | D:3      | Noticed Crazy Yiuf
  2714 | D:4      | Reached XP level 6. HP: 29/33 MP: 5/7
  2772 | D:4      | Noticed Grinder
  2794 | D:4      | Killed from afar by Grinder

Illustrated notes

Levels and vault maps discovered:
D:1:      dpeg_arrival_lava_temple_mockup, layout_basic,
          shapermc_ecumenical_altar_mp_vishouse
D:2:      layout_rooms, serial_shops, nicolae_shop_advertising_works
          [nicolae_subvault_shop_adworks], kennysheep_flooded_box, uniq_terence
D:3:      layout_rooms, serial_glass, glass_columns_a, glass_columns_c,
          uniq_crazy_yiuf_cottage, uniq_jessica
D:4:      layout_basic, kennysheep_donut, kennysheep_generic_room_3,
          uniq_grinder

Skill      XL: |  1  2  3  4  5 |
---------------+----------------+-----
Short Blades   | 2 3 |  3.2
Fighting       | 3 |  3.8
Shields        | 3 |  3.8
Armour         | 3 |  3.4

Action                   |  1- 3 |  4- 6 || total
-------------------------+-------+-------++-------
Melee: Rapier            |    57 |   125 ||   182
       Bite              |    12 |    29 ||    41
  Use: Potion            |     1 |     2 ||     3
       Scroll            |     1 |     1 ||     2
Armor: Scale mail        |    26 |    32 ||    58
       Skin              |       |    14 ||    14
Dodge: Dodged            |    31 |    48 ||    79
Block: Buckler           |    12 |    22 ||    34
